 Dungeon Crawl Stone Soup version 0.19.1 (webtiles) character file.

24 ChaseSP the Stinger (level 3, 13/24 HPs)
             Began as a Formicid Venom Mage on Dec 3, 2016.
             Quit the game on level 1 of the Dungeon.
             The game lasted 00:03:01 (828 turns).

ChaseSP the Stinger (Formicid Venom Mage)            Turns: 828, Time: 00:03:02

Health: 13/24      AC:  3    Str: 12    XL:     3   Next: 15%
Magic:  6/6        EV: 11    Int: 15    God:
Gold:   73         SH:  0    Dex: 11    Spells: 2 memorised, 2 levels left

rFire  . . .     SeeInvis +     h - +0 club
rCold  . . .     Gourm    .     n - +0 leather armour
rNeg   . . .     Faith    .     (no shield)
rPois  .         Spirit   .     (helmet unavailable)
rElec  .         Reflect  .     (no cloak)
rCorr  .         Harm     .     (no gloves)
MR     .....                    (no boots)
Stlth  ++........               (no amulet)
                                (no ring)
                                (no ring)

@: no status effects
A: permanent stasis, dig shafts and tunnels, four strong arms, antennae 3
a: Dig, Shaft Self


You were on level 1 of the Dungeon.
You were not hungry.

You visited 1 branch of the dungeon, and saw 1 of its levels.

You collected 73 gold pieces.

Inventory:

Hand Weapons
 h - a +0 club (weapon)
Armour
 a - a +0 robe
 n - a +0 leather armour (worn)
Scrolls
 e - a scroll of enchant weapon {unknown}
 g - 2 scrolls of identify {unknown}
 i - a scroll of amnesia {unknown}
 k - a scroll of random uselessness {unknown}
 l - a scroll of blinking {unknown}
Potions
 j - a potion of flight {unknown}
 m - a potion of curing {unknown}
Books
 b - a Young Poisoner's Handbook

   Spells                             Type                      Level
   a - Sting                          Conjuration/Poison           1
   b - Mephitic Cloud                 Conjuration/Poison/Air       3
   c - Olgreb's Toxic Radiance        Poison                       4
   d - Alistair's Intoxication        Transmutation/Poison         5
   e - Venom Bolt                     Conjuration/Poison           5
Comestibles
 c - a bread ration
 d - 4 fruits
 f - 5 chunks of flesh


   Skills:
 - Level 1.7 Dodging
 - Level 2.4 Stealth
 - Level 2.1 Spellcasting
 + Level 0.1 Conjurations
 * Level 0.1 Air Magic
 + Level 6.4 Poison Magic


You had 2 spell levels left.
You knew the following spells:

 Your Spells              Type           Power        Failure   Level  Hunger
a - Sting                 Conj/Pois      ##..         10%         1    #......
b - Mephitic Cloud        Conj/Pois/Air  #.......     38%         3    ###....


Dungeon Overview and Level Annotations

Branches:
Dungeon (1/15)

Altars:


Innate Abilities, Weirdness & Mutations

You are under a permanent stasis effect.
You can dig through walls and to a lower floor.
Your four strong arms can wield two-handed weapons with a shield.
You have a pair of large antennae on your head. (SInv)


Message History

You hit the bat but do no damage. The bat hits you but does no damage.
You hit the bat.
The bat is severely wounded.
The bat closely misses you. The bat hits you but does no damage.
The bat closely misses you.
You barely miss the bat.
The bat is moderately wounded.
The bat barely misses you.
You hit the bat.
You kill the bat!
No target in view!
No target in view!
You start resting.
A goblin comes into view.
A goblin is nearby!
The goblin shouts!
The goblin hits you.
You barely miss the goblin. The goblin hits you but does no damage.
Are you sure you want to abandon this character and quit the game? (Confirm with "yes".)

#.#.###
##..####...#######.#
#.#.# #..# #..## #.#
#.#.# #. #..# #..#
#.# #.#.# #.##..#
#... ... #.#)#
#.##..## #.## #..
#.#.# #.##...###.
### #.# #.#.....##.#
#.# ##...g....#.#
#.# #.....@.....#
#.#.###.#.......#.#
#..............#..#
###.....###...## ##
####### #.### #.#
#.# { #.# #.#


You could see a goblin.

Vanquished Creatures
  An ooze (D:1)
  A dart slug (D:1)
  3 bats (D:1)
  A giant cockroach (D:1)
  2 goblins (D:1)
  4 hobgoblins (D:1)
  A kobold (D:1)
  2 frilled lizards (D:1)
  2 rats (D:1)
17 creatures vanquished.

Notes
Turn   | Place    | Note
-------+----------+-------------------------------------------
     0 | D:1      | ChaseSP the Formicid Venom Mage began the quest for the Orb.
     0 | D:1      | Reached XP level 1. HP: 13/13 MP: 3/3
    54 | D:1      | Reached XP level 2. HP: 14/19 MP: 1/5
   138 | D:1      | Reached skill level 6 in Poison Magic
   633 | D:1      | Reached XP level 3. HP: 12/24 MP: 2/6
   737 | D:1      | Learned a level 3 spell: Mephitic Cloud
   828 | D:1      | Quit the game

Skill      XL: |  1  2 |
---------------+-------+-----
Poison Magic   | 6 |  6.4
Dodging        | |  1.7
Stealth        | |  2.4
Spellcasting   | |  2.1
Conjurations   | |  0.1
Air Magic      | |  0.1

Action                   || total
-------------------------++-------
Melee: Dagger            ||    20
       Club              ||    30
 Cast: Sting             ||    22
Armor: Robe              ||     8
       Leather armour    ||     4
Dodge: Dodged            ||    42
